% Time on Ice - OAKLAND GORILLAS
Lines # - Real PCT - Wanted PCT - Time Play
Normal Forward
1 - 31% - 31% - 16:18
2 - 29% - 31% - 15:09
3 - 25% - 25% - 12:51
4 - 15% - 13% - 7:46
Normal Defense
1 - 36% - 38% - 18:42
2 - 33% - 36% - 17:22
3 - 31% - 26% - 16:00
4 - 0% - 0% - 0:00
PP Forward
1 - 29% - 55% - 0:35
2 - 71% - 45% - 1:24
PP Defense
1 - 71% - 55% - 1:24
2 - 29% - 45% - 0:35
PK Forward
1 - 59% - 55% - 3:31
2 - 41% - 45% - 2:26
PK Defense
1 - 56% - 55% - 3:21
2 - 44% - 45% - 2:36
PK3 Forward
1 - 0% - 55%
2 - 0% - 45%
PK3 Defense
1 - 0% - 55%
2 - 0% - 45%
44 Forward
1 - 0% - 55%
2 - 0% - 45%
44 Defense
1 - 0% - 55%
2 - 0% - 45%
Last Minute Offensive  - 0:00
Last Minute Defensive  - 0:00
Total
Forward - 60:00
Defense - 60:00
% Time on Ice - LONG BEACH BARACUDAS
Lines # - Real PCT - Wanted PCT - Time Play
Normal Forward
1 - 36% - 36% - 18:36
2 - 31% - 31% - 16:11
3 - 24% - 23% - 12:25
4 - 9% - 10% - 4:52
Normal Defense
1 - 32% - 36% - 16:38
2 - 33% - 31% - 16:59
3 - 25% - 23% - 12:53
4 - 11% - 10% - 5:34
PP Forward
1 - 38% - 55% - 2:16
2 - 62% - 45% - 3:41
PP Defense
1 - 60% - 55% - 3:35
2 - 40% - 45% - 2:22
PK Forward
1 - 43% - 55% - 0:51
2 - 57% - 45% - 1:08
PK Defense
1 - 26% - 55% - 0:31
2 - 74% - 45% - 1:28
PK3 Forward
1 - 0% - 55%
2 - 0% - 45%
PK3 Defense
1 - 0% - 55%
2 - 0% - 45%
44 Forward
1 - 0% - 55%
2 - 0% - 45%
44 Defense
1 - 0% - 55%
2 - 0% - 45%
Last Minute Offensive  - 0:00
Last Minute Defensive  - 0:00
Total
Forward - 60:00
Defense - 60:00
Play-by-Play 1st period 0:01 of 1st period - William Karlsson wins face-off versus Aleksander Barkov in neutral zone. 0:06 of 1st period - Shot by William Karlsson. 0:06 of 1st period - Shot Blocked by Jared Spurgeon. 0:12 of 1st period - Shot by Patrik Laine. 0:12 of 1st period - Goal by Patrik Laine - OAKLAND GORILLAS : 1 - LONG BEACH BARACUDAS : 0. 0:13 of 1st period - Logan Couture wins face-off versus Teuvo Teravainen in neutral zone. 1:50 of 1st period - Off-side. 1:51 of 1st period - Colton Sissons wins face-off versus William Karlsson in neutral zone. 2:03 of 1st period - Shot by William Karlsson. 2:03 of 1st period - Shot Misses the Net. 2:34 of 1st period - Icing by Colton Sissons. 2:35 of 1st period - Colton Sissons wins face-off versus Ryan O'Reilly in OAKLAND GORILLAS zone. 2:35 of 1st period - Colton Sissons is hit by Andreas Athanasiou. 2:59 of 1st period - Ryan O'Reilly is hit by Brock Boeser and loses puck. 3:17 of 1st period - Off-side. 3:18 of 1st period - Derek Stepan wins face-off versus Jack McBain in neutral zone. 3:46 of 1st period - Shot by Andrew Cogliano. 3:46 of 1st period - Stopped by Pyotr Kochetkov without a rebound. 3:47 of 1st period - William Karlsson wins face-off versus Aleksander Barkov in LONG BEACH BARACUDAS zone. 3:47 of 1st period - William Karlsson is hit by Aleksander Barkov. 4:07 of 1st period - Shot by Jaden Schwartz. 4:07 of 1st period - Stopped by Alexandar Georgiev without a rebound. 4:08 of 1st period - Cody Glass wins face-off versus Colton Sissons in OAKLAND GORILLAS zone. 4:22 of 1st period - Colton Sissons is hit by Justin Braun and loses puck. 4:42 of 1st period - Shot by Colton Sissons. 4:42 of 1st period - Shot Misses the Net. 4:44 of 1st period - Shot by Trevor van Riemsdyk. 4:44 of 1st period - Shot Misses the Net. 5:04 of 1st period - Shot by Jaden Schwartz. 5:04 of 1st period - Shot Misses the Net. 6:22 of 1st period - Shot by Aleksander Barkov. 6:22 of 1st period - Goal by Aleksander Barkov - OAKLAND GORILLAS : 2 - LONG BEACH BARACUDAS : 0. 6:23 of 1st period - Logan Couture wins face-off versus Derek Stepan in neutral zone. 6:23 of 1st period - Logan Couture is hit by Peyton Krebs. 6:32 of 1st period - Shot by Max Domi. 6:32 of 1st period - Stopped by Pyotr Kochetkov without a rebound. 6:33 of 1st period - Jack McBain wins face-off versus Cody Glass in LONG BEACH BARACUDAS zone. 6:55 of 1st period - Icing by Justin Braun. 6:56 of 1st period - Aleksander Barkov wins face-off versus Cody Glass in LONG BEACH BARACUDAS zone. 7:07 of 1st period - Shot by Taylor Hall. 7:07 of 1st period - Shot Blocked by Hampus Lindholm. 7:48 of 1st period - Aleksander Barkov is hit by Seth Jarvis and loses puck. 8:25 of 1st period - Shot by Jaden Schwartz. 8:25 of 1st period - Stopped by Alexandar Georgiev without a rebound. 8:26 of 1st period - Ryan O'Reilly wins face-off versus Jack McBain in OAKLAND GORILLAS zone. 8:26 of 1st period - Teuvo Teravainen is hit by Jonas Siegenthaler. 8:28 of 1st period - Shot by Andreas Athanasiou. 8:28 of 1st period - Shot Misses the Net. 9:03 of 1st period - Shot by Jack McBain. 9:03 of 1st period - Shot Misses the Net. 9:30 of 1st period - Max Domi is hit by Matt Irwin and loses puck. 9:55 of 1st period - Shot by Max Domi. 9:55 of 1st period - Shot Misses the Net. 9:57 of 1st period - Shot by Martin Fehervary. 9:57 of 1st period - Shot Blocked by Matt Irwin. 10:14 of 1st period - Icing by Jared Spurgeon. 10:15 of 1st period - Aleksander Barkov wins face-off versus William Karlsson in OAKLAND GORILLAS zone. 11:42 of 1st period - Shot by Peyton Krebs. 11:42 of 1st period - Stopped by Alexandar Georgiev without a rebound. 11:43 of 1st period - Cody Glass wins face-off versus Logan Couture in OAKLAND GORILLAS zone. 12:16 of 1st period - Shot by Seth Jarvis. 12:16 of 1st period - Stopped by Alexandar Georgiev with a rebound. 12:28 of 1st period - Shot by Teuvo Teravainen. 12:28 of 1st period - Stopped by Alexandar Georgiev without a rebound. 12:29 of 1st period - Aleksander Barkov wins face-off versus Andreas Athanasiou in OAKLAND GORILLAS zone. 14:21 of 1st period - Shot by Logan Couture. 14:21 of 1st period - Shot Misses the Net. 14:23 of 1st period - Shot by Trevor van Riemsdyk. 14:23 of 1st period - Shot Blocked by Derek Stepan. 14:25 of 1st period - Shot by Trevor van Riemsdyk. 14:25 of 1st period - Stopped by Pyotr Kochetkov with a rebound. 14:29 of 1st period - Shot by Logan Couture. 14:29 of 1st period - Shot Blocked by Seth Jarvis. 15:21 of 1st period - Icing by Cameron York. 15:22 of 1st period - Ryan O'Reilly wins face-off versus Colton Sissons in OAKLAND GORILLAS zone. 15:25 of 1st period - Shot by Andreas Athanasiou. 15:25 of 1st period - Shot Misses the Net. 15:27 of 1st period - Shot by Ryan O'Reilly. 15:27 of 1st period - Deflect By Andreas Athanasiou. 15:27 of 1st period - Shot Misses the Net. 15:32 of 1st period - Icing by Cameron York. 15:33 of 1st period - Colton Sissons wins face-off versus William Karlsson in OAKLAND GORILLAS zone. 15:49 of 1st period - Shot by Mark Stone. 15:49 of 1st period - Stopped by Alexandar Georgiev without a rebound. 15:50 of 1st period - Jack McBain wins face-off versus Ryan O'Reilly in OAKLAND GORILLAS zone. 16:01 of 1st period - Shot by Jack McBain. 16:01 of 1st period - Shot Misses the Net. 16:07 of 1st period - Shot by Andrew Cogliano. 16:07 of 1st period - Shot Misses the Net. 17:04 of 1st period - Shot by Max Domi. 17:04 of 1st period - Shot Misses the Net. 17:06 of 1st period - Shot by Jared Spurgeon. 17:06 of 1st period - Shot Blocked by Mark Stone. 17:08 of 1st period - Shot by Ryan Hartman. 17:08 of 1st period - Shot Misses the Net. 17:57 of 1st period - Icing by Justin Braun. 17:58 of 1st period - Aleksander Barkov wins face-off versus William Karlsson in LONG BEACH BARACUDAS zone. 17:59 of 1st period - Shot by Brock Boeser. 17:59 of 1st period - Stopped by Pyotr Kochetkov without a rebound. 18:00 of 1st period - Colton Sissons wins face-off versus Cody Glass in LONG BEACH BARACUDAS zone. 18:39 of 1st period - Shot by Tomas Tatar. 18:39 of 1st period - Stopped by Pyotr Kochetkov with a rebound. 19:19 of 1st period - Trevor van Riemsdyk is hit by Teuvo Teravainen. 19:25 of 1st period - Shot by Teuvo Teravainen. 19:25 of 1st period - Shot Misses the Net. 19:27 of 1st period - Shot by Ryan O'Reilly. 19:27 of 1st period - Shot Misses the Net. Goals for this period are 2 for OAKLAND GORILLAS vs 0 for LONG BEACH BARACUDAS. Shots for this period are 7 for OAKLAND GORILLAS vs 6 for LONG BEACH BARACUDAS. 2nd period 0:01 of 2nd period - Logan Couture wins face-off versus William Karlsson in neutral zone. 0:10 of 2nd period - Icing by Calvin De Haan. 0:11 of 2nd period - Jack McBain wins face-off versus William Karlsson in LONG BEACH BARACUDAS zone. 1:20 of 2nd period - Shot by Ryan O'Reilly. 1:20 of 2nd period - Shot Blocked by Trevor van Riemsdyk. 1:22 of 2nd period - Shot by Andreas Athanasiou. 1:22 of 2nd period - Deflect By Teuvo Teravainen. 1:22 of 2nd period - Stopped by Alexandar Georgiev without a rebound. 1:23 of 2nd period - Colton Sissons wins face-off versus Derek Stepan in OAKLAND GORILLAS zone. 1:23 of 2nd period - Colton Sissons is hit by Peyton Krebs. 1:30 of 2nd period - Seth Jarvis is hit by Martin Fehervary and loses puck. 2:20 of 2nd period - Shot by Teuvo Teravainen. 2:20 of 2nd period - Stopped by Alexandar Georgiev without a rebound. 2:21 of 2nd period - Logan Couture wins face-off versus William Karlsson in OAKLAND GORILLAS zone. 2:30 of 2nd period - Shot by Jaden Schwartz. 2:30 of 2nd period - Stopped by Alexandar Georgiev without a rebound. 2:31 of 2nd period - Mark Stone wins face-off versus Logan Couture in OAKLAND GORILLAS zone. 2:48 of 2nd period - Shot by Mark Stone. 2:48 of 2nd period - Stopped by Alexandar Georgiev with a rebound. 2:56 of 2nd period - Ryan Hartman is hit by Mark Stone and loses puck. 3:48 of 2nd period - Shot by Taylor Hall. 3:48 of 2nd period - Shot Blocked by Jared Spurgeon. 4:02 of 2nd period - Shot by Cody Glass. 4:02 of 2nd period - Stopped by Alexandar Georgiev without a rebound. 4:03 of 2nd period - Ryan O'Reilly wins face-off versus Brock Boeser in OAKLAND GORILLAS zone. 4:04 of 2nd period - Shot by Andreas Athanasiou. 4:04 of 2nd period - Shot Blocked by Trevor van Riemsdyk. 4:20 of 2nd period - Shot by Patrik Laine. 4:20 of 2nd period - Stopped by Pyotr Kochetkov without a rebound. 4:21 of 2nd period - William Karlsson wins face-off versus Colton Sissons in LONG BEACH BARACUDAS zone. 4:51 of 2nd period - Icing by Cameron York. 4:52 of 2nd period - Colton Sissons wins face-off versus Ryan O'Reilly in OAKLAND GORILLAS zone. 5:07 of 2nd period - Shot by Colton Sissons. 5:07 of 2nd period - Shot Misses the Net. 5:25 of 2nd period - Shot by Patrik Laine. 5:25 of